 Dungeon Crawl Stone Soup version 0.31.0-11-ge490571c62 (webtiles) character file.

Game seed: 8727234770912706645

508 browni3141 the Chopper (level 6, 0/56 HPs)
             Began as a Minotaur Fighter on Jan 28, 2024.
             Succumbed to a kobold brigand's poison
             ... in a sewer.
             The game lasted 00:01:29 (3629 turns).

browni3141 the Chopper (Minotaur Fighter)           Turns: 3629, Time: 00:01:29

Health: 0/56       AC: 12    Str: 22    XL:     6   Next: 98%
Magic:  5/5        EV:  8    Int:  5    God:
Gold:   173        SH:  5    Dex: 10    Spells: 5/5 levels left

rFire   . . .        a - +0 war axe
rCold   . . .        c - +0 buckler
rNeg    . . .        s - +0 chain mail
rPois   .            (helmet restricted)
rElec   .            (no cloak)
rCorr   .            (no gloves)
SInv    .            r - +1 pair of boots {rampage}
Will    .....        (no amulet) Stlth
                     (no ring)
HPRegen 0.29/turn    (no ring)
MPRegen 0.09/turn

%: rampage
@: lethally poisoned (0 -> -10), hasted, quick
A: horns 2, retaliatory headbutt
a: no special abilities


You were in a sewer.
You visited 1 branch of the dungeon, and saw 4 of its levels.
You also visited: Sewer.

You collected 173 gold pieces.

Inventory:

Hand Weapons
 a - a +0 war axe (weapon)
Missiles
 m - a throwing net (quivered)
 n - 2 boomerangs
Armour
 b - a +0 scale mail
 c - a +0 buckler (worn)
 r - a +1 pair of boots of rampaging (worn)
 s - a +0 chain mail (worn)
Jewellery
 u - a ring of magical power
Scrolls
 e - 5 scrolls of identify {unknown}
 h - a scroll of teleportation {unknown}
 j - a scroll of immolation {unknown}
 q - a scroll of fog {unknown}
 t - a scroll of revelation {unknown}
Potions
 d - a potion of might
 f - a potion of mutation {unknown}
 g - a potion of heal wounds {unknown}
 i - a potion of haste
 k - a potion of ambrosia {unknown}
 l - a potion of brilliance {unknown}
 o - 2 potions of lignification {unknown}
 p - a potion of attraction {unknown}


   Skills:
 + Level 5.3 Fighting
 * Level 6.0 Axes
 + Level 5.2 Armour
 + Level 5.3 Shields


You had 5 spell levels left.
You didn't know any spells.
Your spell library was empty.

Dungeon Overview and Level Annotations

Branches:
Dungeon (4/15)              Sewer (1/1)
 Temple: D:4-7

Altars:


Innate Abilities, Weirdness & Mutations

You have a pair of horns on your head.
You reflexively headbutt those who attack you in melee.


Message History

The ribbon worm expels a string of sticky webbing.
The stream of webbing hits you but does no damage.
You are caught in a web!
The ribbon worm bites you.
Your unstable footing causes you to fumble your attack.
The ribbon worm splashes around in the water.
The ribbon worm bites you but does no damage.
You slash the ribbon worm!
You kill the ribbon worm!
You hit the ribbon worm. You block the ribbon worm's attack.
The ribbon worm bites you but does no damage.
The ribbon worm expels a string of sticky webbing.
The stream of webbing hits you but does no damage.
You are caught in a web!
You hit the ribbon worm.
The ribbon worm is moderately wounded.
The ribbon worm barely misses you.
Your unstable footing causes you to fumble your attack.
The ribbon worm bites you.
Your unstable footing causes you to fumble your attack.
The ribbon worm expels a string of sticky webbing.
The stream of webbing misses you.
There is a glowing drain here.
You barely miss the ribbon worm. You headbutt the ribbon worm!
The ribbon worm is heavily wounded.
The ribbon worm barely misses you.
You hit the ribbon worm. You headbutt the ribbon worm.
The ribbon worm is heavily wounded.
You hear the brisk rusting of a drain.
The ribbon worm bites you!
You slash the ribbon worm!
You kill the ribbon worm!
You enter the shallow water.
Moving in this stuff is going to be slow.
You see here a ribbon worm corpse.
No target in view!
No target in view!
There is a glowing drain here.
The world spins around you as you enter the gateway.
You enter a sewer!
Found a gate leading back out of this place.
There is an empty arch of ancient stone here.
HP restored.
You enter the shallow water.
Moving in this stuff is going to be slow.
You enter the shallow water.
Moving in this stuff is going to be slow.
You enter the shallow water.
Moving in this stuff is going to be slow.
You enter the shallow water.
Moving in this stuff is going to be slow.
A kobold brigand and a rat come into view.
The kobold brigand is wielding a +2 whip of venom and quivering curare-tipped darts.
The kobold brigand shouts!
The rat squeaks loudly.
There are monsters nearby!
There are monsters nearby!
The kobold brigand throws a curare-tipped dart.
You block the curare-tipped dart.
The kobold brigand throws a curare-tipped dart.
The curare-tipped dart hits you.
You are poisoned.
You have difficulty breathing.
You feel yourself slow down.
There are monsters nearby!
You feel very sick. You block the rat's attack.
Your unstable footing causes you to fumble your attack.
You feel sick. The rat bites you but does no damage. The rat barely misses you.
You block the kobold brigand's attack.
Your unstable footing causes you to fumble your attack.
You feel sick. The rat bites you but does no damage.
The kobold brigand hits you with a +2 whip of venom.
The rat bites you but does no damage. The kobold brigand barely misses you.
You furiously retaliate!
You headbutt the kobold brigand!
Your unstable footing causes you to fumble your attack.
You feel sick.
The kobold brigand hits you with a +2 whip of venom.
The rat barely misses you. You furiously retaliate!
You headbutt the rat.
You kill the rat!
The kobold brigand hits you but does no damage.
You are more poisoned.
Your unstable footing causes you to fumble your attack.
You feel very sick.
The kobold brigand hits you with a +2 whip of venom.
You are more poisoned.
The kobold brigand splashes around in the water.
Your unstable footing causes you to fumble your attack.
You feel extremely sick.
The kobold brigand hits you but does no damage.
You are lethally poisoned!
The kobold brigand hits you but does no damage.
You are more poisoned.
Your unstable footing causes you to fumble your attack.
You feel extremely sick.
The kobold brigand splashes around in the water. x2
Your unstable footing causes you to fumble your attack.
You feel yourself speed up.
You feel very sick. The kobold brigand closely misses you.
It was a potion of haste.
You feel yourself speed up.
You die...

## ##
#. .#
#~ ~#
#~ ~#
#K#†#
#~@~#
~.
##~##
~# #~#
~#
#~###~#
#.~~~~#
##~~~##
#.~~#
#~~.#
~~
#~~~##
#.~


You could see a kobold brigand.

Vanquished Creatures
  Sigmund (D:4)
  A scorpion (D:4)
  A jelly (D:4)
  An orc priest (D:3)
  A bombardier beetle (D:4)
  Jessica (D:2)
  6 adders
  3 gnolls (D:3)
  2 dart slugs (D:1)
  6 ribbon worms
  6 orcs
  7 endoplasms
  2 giant cockroaches (D:2)
  2 goblins (D:1)
  9 hobgoblins
  4 jackals
  6 kobolds
  2 quokkas
  7 ball pythons
  3 bats
  2 frilled lizards (D:1)
  7 rats
80 creatures vanquished.

Notes
Turn   | Place    | Note
-------+----------+-------------------------------------------
     0 | D:1      | browni3141 the Minotaur Fighter began the quest for the
                  | Orb.
     0 | D:1      | Reached XP level 1. HP: 19/19 MP: 0/0
   134 | D:1      | Reached XP level 2. HP: 22/27 MP: 1/1
   262 | D:1      | Reached skill level 3 in Axes
   490 | D:1      | Found a faded altar of an unknown god.
   911 | D:2      | Reached XP level 3. HP: 31/33 MP: 2/2
  1321 | D:2      | Reached XP level 4. HP: 23/40 MP: 3/3
  1692 | D:2      | Noticed Jessica
  1702 | D:2      | Killed Jessica
  1703 | D:2      | Reached skill level 4 in Axes
  2014 | D:3      | Reached XP level 5. HP: 37/47 MP: 4/4
  3291 | D:4      | Noticed Sigmund
  3292 | D:4      | Reached skill level 5 in Axes
  3299 | D:4      | Killed Sigmund
  3300 | D:4      | Reached skill level 5 in Fighting
  3300 | D:4      | Reached skill level 5 in Armour
  3300 | D:4      | Reached skill level 5 in Shields
  3300 | D:4      | Reached XP level 6. HP: 42/56 MP: 5/5
  3390 | D:4      | Reached skill level 6 in Axes
  3505 | D:4      | Found a glowing drain.
  3547 | Sewer    | Entered a sewer
  3629 | Sewer    | Succumbed to a kobold brigand's poison

Illustrated notes

Levels and vault maps discovered:
D:1:      erik_arrival_cave_to_civilisation [erik_arrival_cave_to_hall],
          layout_loops_ring, shapermc_ecumenical_altar_mp_ritualfount
D:2:      cheibrodos_helix_gallery, layout_basic, kennysheep_generic_room_16,
          uniq_jessica
D:3:      layout_loops_corners
D:4:      layout_cave_pods, cheibrodos_sewer_entry_bend,
          kennysheep_generic_room_4, uniq_sigmund
Sewer:    sewer_co_tree

Skill      XL: |  1  2  3  4  5  6 |
---------------+-------------------+-----
Axes           | 3 4 5 6 |  6.0
Armour         | 4 5 |  5.2
Shields        | 4 5 |  5.3
Fighting       | 4 5 |  5.3

Action                     |  1- 3 |  4- 6 || total
---------------------------+-------+-------++-------
  Melee: War axe           |    84 |   113 ||   197
         Headbutt          |    11 |    21 ||    32
  Throw: Throwing net      |       |     1 ||     1
    Use: Potion            |       |     1 ||     1
 Armour: Scale mail        |    50 |    50 ||   100
         Chain mail        |       |    29 ||    29
  Dodge: Dodged            |    32 |    56 ||    88
  Block: Buckler           |    16 |    30 ||    46
